Map: Abyssal Reef LE

Players

Uplifter

  • Race: Terran Terran
  • League: Master
  • Spawn Location: 5:00

HEMORRHOIDS - Winner!

  • Race: Protoss Protoss
  • League: Diamond
  • Spawn Location: 11:00

VOD

Have the link to the VOD?

Description

Time

  • Played on: June 17, 2017, 1:24 p.m.
  • Length: 7:23
Show
View Real Time Build Order
Export as new Build Order

Uplifter Terran 

Build Orders: Command Center First (CC) 

Get SALT Encoding   

  12  0:01  SCV  
  13  0:13  SCV  
  14  0:18  Supply Depot  
  14  0:25  SCV  
  15  0:39  SCV  
  16  0:51  SCV  
  17  1:04  Command Center  
  17  1:06  SCV  
  18  1:12  Refinery  
  18  1:18  SCV  
  19  1:27  Barracks  
  19  1:30  SCV  
  20  1:39  Refinery  
  20  1:42  SCV  
  21  1:55  SCV  
  22  2:16  Orbital Command  
  22  2:17  Factory, Marine  
  23  2:24  Orbital Command  
  23  2:35  Marine  
  24  2:44  Factory  
  21  3:06  Cyclone  
  21  3:10  Marine  
  21  3:12  SCV  
  23  3:37  SCV x2  
  23  3:40  Hellion  
  24  3:41  Refinery  
  22  3:49  SCV  
  23  4:01  Cyclone  
  19  4:17  Orbital Command  
  18  4:30  SCV  
  14  4:43  SCV  
  14  4:45  SCV  
  13  4:55  SCV  
  13  4:57  SCV  
  15  5:07  SCV  
  15  5:10  SCV  
  17  5:18  Orbital Command  
  17  5:19  SCV  
  14  5:43  Hellion  
  14  5:56  SCV x2  
  16  6:04  Hellion  
  16  6:08  SCV x2  
  17  6:20  SCV x2  
  15  6:38  SCV  
Show
View Real Time Build Order
Export as new Build Order

HEMORRHOIDS Protoss - Winner!

Build Orders: 1 Gate Expand 

Get SALT Encoding   

  12  0:01  Probe (Chrono Boost)  
  13  0:12  Probe (Chrono Boost)  
  14  0:22  Pylon, Probe (Chrono Boost)  
  15  0:41  Gateway, Probe (Chrono Boost)  
  16  0:48  Assimilator  
  16  0:51  Probe (Chrono Boost)  
  17  1:02  Probe (Chrono Boost)  
  18  1:12  Probe (Chrono Boost)  
  19  1:23  Nexus  
  19  1:28  Probe (Chrono Boost)  
  20  1:38  Cybernetics Core  
  20  1:47  Pylon  
  20  1:59  Pylon  
  20  2:09  Forge  
  20  2:11  Pylon  
  22  2:37  Mothership Core (Chrono Boost)  
  22  2:42  Photon Cannon  
  22  2:44  Photon Cannon  
  21  2:53  Pylon  
  21  2:55  Probe (Chrono Boost)  
  23  3:05  Probe (Chrono Boost)  
  23  3:10  Photon Cannon  
  23  3:18  Pylon, Probe (Chrono Boost)  
  24  3:28  Probe (Chrono Boost)  
  25  3:39  Probe (Chrono Boost)  
  26  3:50  Probe (Chrono Boost)  
  27  4:00  Probe (Chrono Boost)  
  25  4:05  Photon Cannon  
  25  4:07  Photon Cannon  
  24  4:11  Probe (Chrono Boost)  
  25  4:21  Probe (Chrono Boost)  
  26  4:35  Photon Cannon  
  21  4:52  Mothership Core (Chrono Boost)  
  21  4:55  Probe (Chrono Boost)  
  21  4:59  Stargate x2  
  22  5:05  Assimilator  
  22  5:06  Photon Cannon, Probe (Chrono Boost)  
  23  5:09  Photon Cannon  
  23  5:15  Probe (Chrono Boost)  
  23  5:35  Pylon  
  23  5:36  Pylon  
  23  5:39  Pylon  
  23  5:42  Pylon  
  23  6:00  Photon Cannon x2  
  23  6:10  Photon Cannon  
  23  6:28  Mothership Core (Chrono Boost)  
  23  6:36  Void Ray  
Tags
 
Add a new tag
Caveats
  • Supply blocks, unpowered buildings, or Contaminate may cause inaccurate times.
  • Supply counts are checked every 10 seconds.